 Dungeon Crawl Stone Soup version 0.32-a0-612-g1c984fe9d1 (webtiles) character file.

Game seed: 4208532765362012009

2513 senseless the Shooter (level 9, -7/71 HPs)
             Began as a Coglin Hunter on Mar 4, 2024.
             Was an Elder of Zin.
             Mangled by Erica
             ... wielding a +4 scimitar of flaming
              (12 damage)
             ... on level 8 of the Dungeon.
             The game lasted 00:16:14 (5768 turns).

senseless the Shooter (Coglin Hunter)               Turns: 5768, Time: 00:16:15

Health: -7/71      AC: 14    Str: 11    XL:     9   Next: 53%
Magic:  9/9        EV:  5    Int:  9    God:    Zin [****..]
Gold:   205        SH:  0    Dex: 22    Spells: 8/8 levels left

rFire   . . .        a - +3 sling {Hugo}
rCold   . . .        d - +0 sling {Namzu}
rNeg    . . .        z - +0 acid dragon scales
rPois   .            c - +2 helmet
rElec   .            r - +0 cloak
rCorr   +            t - +0 pair of gloves
SInv    .            f - +2 pair of boots
Will    .....        (amulet unavailable)
Stlth   +++          (ring unavailable)
HPRegen 0.31/turn    (ring unavailable)
MPRegen 0.11/turn    (no gizmo)

%: no passive effects
@: lethally poisoned (-7 -> -10), slowed, constricted, revved, very slow
A: off-hand wielding, slow wielding, warmup strikes, no jewellery
a: Invent Gizmo, Renounce Religion, Recite, Vitalisation, Imprison, Donate Gold


You were on level 8 of the Dungeon.
You worshipped Zin.
Zin was greatly pleased with you.
You visited 1 branch of the dungeon, and saw 8 of its levels.

You collected 335 gold pieces.
You donated 130 gold pieces to Zin.

Inventory:

Hand Weapons
 a - a +3 sling (weapon) {Hugo}
 d - a +0 sling (offhand) {Namzu}
 i - a +4 dagger of flaming
Armour
 c - a +2 helmet (worn)
 e - a +3 leather armour of willpower
 f - a +2 pair of boots (worn)
 r - a +0 cloak (worn)
 t - a +0 pair of gloves (worn)
 y - +0 steam dragon scales
 z - +0 acid dragon scales (worn)
Wands
 k - a wand of roots (6)
Scrolls
 b - a scroll of butterflies
 u - a scroll of noise
 v - 2 scrolls of poison
 x - a scroll of amnesia
Potions
 g - 4 potions of enlightenment
 h - a potion of degeneration {unknown}
 j - 3 potions of curing {unknown}
 l - 3 potions of invisibility
 m - 2 potions of might
 n - 2 potions of brilliance {unknown}
 o - 6 potions of mutation
 p - 3 potions of lignification
 q - 3 potions of heal wounds
 s - a potion of berserk rage {unknown}
 w - a potion of haste {unknown}


   Skills:
 * Level 6.6 Fighting
 * Level 6.8 Ranged Weapons
 + Level 1.4 Armour
 + Level 5.7 Dodging
 + Level 5.4 Stealth
 + Level 1.1 Invocations


You had 8 spell levels left.
You didn't know any spells.
Your spell library contained the following spells:

 Spells                   Type           Power      Damage    Failure   Level
 Freeze                   Ice            0%         1d3       54%         1
 Ensorcelled Hibernation  Hex/Ice        0%         N/A       67%         2
 Frozen Ramparts          Ice            0%         1d1       88%         3
 Fugue of the Fallen      Necr           0%         N/A       88%         3
 Hailstorm                Conj/Ice       0%         3d5       88%         3
 Anguish                  Hex/Necr       0%         N/A       99%         4
 Haunt                    Necr/Summ      0%         N/A       100%        7
 Borgnjor's Revivificati  Necr           0%         N/A       100%        8
 Death's Door             Necr           0%         N/A       100%        9


Dungeon Overview and Level Annotations

Branches:
Dungeon (8/15)             Temple (0/1) D:4
   Lair: D:8-11

Altars:
Gozag
Ru
Trog
Wu Jian
Xom
Zin

Annotations:
D:6 3 runed translucent doors, Domino's ghost, novice MiBe
D:8 Erica


Innate Abilities, Weirdness & Mutations

You can wield a second weapon in your off-hand.
It takes a long time for you to wield or remove held weapons.
Your first few attacks do less damage.
You cannot equip rings or amulets.


Message History

The bolt of poison misses you.
You shoot a sling bullet. The sling bullet closely misses Erica.
You shoot a sling bullet. The sling bullet barely misses Erica.
You shoot a sling bullet. The sling bullet barely misses Erica.
You shoot a sling bullet. The sling bullet hits Erica.
Erica is heavily wounded.
Erica casts a spell at you.
You feel yourself slow down.
You shoot a sling bullet. The sling bullet closely misses Erica.
You shoot a sling bullet. The sling bullet hits Erica.
Erica is heavily wounded.
Erica hits you with a +4 scimitar of flaming!
Erica burns you. Erica barely misses you.
Erica stares at you and mumbles some strange words.
The bolt of poison hits you!
You are poisoned.
You shoot a sling bullet. The sling bullet closely misses Erica.
You shoot a sling bullet. The sling bullet misses Erica.
You feel very sick. Erica hits you but does no damage. Erica grabs you.
Erica constricts you.
Erica stares at you and mumbles some strange words.
You feel as though you will be slow longer.
Erica constricts you.
You shoot a sling bullet. The sling bullet hits Erica!
Erica is severely wounded.
You shoot a sling bullet. The sling bullet barely misses Erica.
You feel very sick. Erica barely misses you. Erica constricts you.
You shoot a sling bullet. The sling bullet closely misses Erica.
You shoot a sling bullet. The sling bullet closely misses Erica.
You feel very sick.
Erica hits you with a +4 scimitar of flaming!
* * * LOW HITPOINT WARNING * * *
Erica burns you.
* * * LOW HITPOINT WARNING * * *
Erica constricts you.
* * * LOW HITPOINT WARNING * * *
Erica hits you with a +4 scimitar of flaming!
You die...
Erica begins burbling mirthfully and uncontrollably.

####.....##..#
####.......##
...#
#....##....##
..#
#.#............
.#
#.#.#.#.....#...
. #...#.#..#.##
## #####....#.#
##......##..
##....##@# ...
###..#####x#
#....# #.#
#....# ...
#...## ... #####
..... .....
#.....#


You could see Erica.

Vanquished Creatures
  A hornet (D:8)
  Grinder (D:4)
  Eustachio (D:4)
  A steam dragon (D:7)
  Menkaure (D:4)
  Edmund (D:4)
  A water moccasin (D:7)
  An acid dragon (D:7)
  A black bear (D:6)
  2 bullfrogs
  A scorpion (D:4)
  3 howler monkeys (D:7)
  4 bombardier beetles
  A hound (D:5)
  Crazy Yiuf (D:2)
  3 orc priests
  7 iguanas
  Ijyb (D:5)
  Jessica (D:2)
  Terence (D:2)
  4 orc wizards
  Natasha (thrice) (D:3)
  Robin (D:4)
  3 gnolls (D:2)
  9 adders
  A white imp (D:7)
  4 ufetubi (D:6)
  6 dart slugs
  3 ribbon worms
  20 orcs
  2 bats (D:1)
  5 endoplasms
  18 goblins
  8 hobgoblins
  A quokka (D:2)
  9 ball pythons
  3 frilled lizards
  11 kobolds
  5 rats
150 creatures vanquished.

Notes
Turn   | Place    | Note
-------+----------+-------------------------------------------
     0 | D:1      | senseless the Coglin Hunter began the quest for the Orb.
     0 | D:1      | Reached XP level 1. HP: 16/16 MP: 1/1
    26 | D:1      | Reached skill level 1 in Stealth
    41 | D:1      | Reached XP level 2. HP: 21/22 MP: 2/2
   332 | D:1      | Reached XP level 3. HP: 28/28 MP: 3/3
   880 | D:2      | Noticed Terence
   893 | D:2      | Killed Terence
   894 | D:2      | Reached XP level 4. HP: 29/34 MP: 4/4
  1173 | D:2      | Reached XP level 5. HP: 41/41 MP: 5/5
  1366 | D:2      | Found a runed translucent door.
  1367 | D:2      | Noticed Crazy Yiuf
  1548 | D:2      | Noticed Jessica
  1551 | D:2      | Killed Jessica
  1620 | D:2      | Found a faded altar of an unknown god.
  1628 | D:2      | Prayed at the altar of an unknown god.
  1628 | D:2      | Became a worshipper of Zin the Law-Giver
  1628 | D:2      | Reached * piety under Zin
  1628 | D:2      | Reached ** piety under Zin
  1999 | D:2      | Killed Crazy Yiuf
  2061 | D:2      | Donated 56 gold pieces to Zin
  2215 | D:3      | Found a shimmering altar of Xom.
  2291 | D:3      | Noticed Natasha
  2295 | D:3      | Killed Natasha
  2296 | D:3      | Reached XP level 6. HP: 47/47 MP: 6/6
  2340 | D:3      | Found a sacrificial altar of Ru.
  2429 | D:3      | Noticed Natasha
  2437 | D:3      | Killed Natasha
  2472 | D:3      | Found a bloodstained altar of Trog.
  2569 | D:3      | Noticed Natasha
  2573 | D:3      | Killed Natasha
  2637 | D:3      | Donated 41 gold pieces to Zin
  2670 | D:4      | Noticed Menkaure
  2680 | D:4      | Killed Menkaure
  2751 | D:4      | Reached XP level 7. HP: 43/54 MP: 7/7
  2794 | D:4      | Noticed Grinder
  2797 | D:4      | Paralysed by Grinder for 2 turns
  2806 | D:4      | Killed Grinder
  2807 | D:4      | Reached skill level 5 in Ranged Weapons
  2909 | D:4      | Noticed Edmund
  2918 | D:4      | Killed Edmund
  2998 | D:4      | Reached *** piety under Zin
  3032 | D:4      | Noticed Eustachio
  3057 | D:4      | Killed Eustachio
  3058 | D:4      | Reached XP level 8. HP: 61/61 MP: 8/8
  3164 | D:4      | Found a staircase to the Ecumenical Temple.
  3288 | D:4      | Noticed Robin
  3293 | D:4      | Killed Robin
  3294 | D:4      | Reached skill level 5 in Fighting
  3299 | D:4      | Found an ornate altar of the Wu Jian Council.
  3789 | D:5      | Entered Level 5 of the Dungeon
  3789 | D:5      | Noticed Ijyb
  4140 | D:5      | Killed Ijyb
  4381 | D:6      | Reached skill level 5 in Dodging
  4679 | D:6      | Found a runed translucent gate.
  4679 | D:6      | Found a runed translucent gate.
  4679 | D:6      | Found a runed translucent gate.
  4679 | D:6      | Found an opulent altar of Gozag.
  4679 | D:6      | Noticed a gargoyle
  4680 | D:6      | Noticed Domino's ghost (novice MiBe)
  4784 | D:6      | Reached skill level 5 in Stealth
  4784 | D:6      | Reached XP level 9. HP: 59/69 MP: 9/9
  5266 | D:7      | Reached skill level 1 in Armour
  5478 | D:7      | Reached **** piety under Zin
  5733 | D:8      | Noticed a hornet
  5740 | D:8      | Killed a hornet
  5741 | D:8      | Reached skill level 1 in Invocations
  5757 | D:8      | Noticed Erica
  5768 | D:8      | Mangled by Erica

Illustrated notes

Levels and vault maps discovered:
D:1:      dpeg_arrival_tiny_a, layout_basic
D:2:      layout_basic, shapermc_ecumenical_altar_mp_highgroup,
          uniq_crazy_yiuf_cottage, uniq_terence, uniq_jessica
D:3:      layout_basic, mainiacjoe_overflow_six_doors_small, lemuel_round_altar,
          general_overflow_altar, uniq_natasha
D:4:      layout_loops_ring, nzn_wu_jian_council_hall,
          minmay_temple_entry_ruins, minmay_fountain_box,
          hangedman_decor_opposing, minmay_liquid_box, grunt_decor_resistance,
          uniq_grinder, uniq_menkaure, uniq_edmund, uniq_robin, uniq_eustachio
D:5:      layout_rooms, chequers_hall_statues_corner_a, uniq_ijyb
D:6:      layout_cave_pools, ebering_ghost_gozag, kennysheep_dice
D:7:      layout_rooms
D:8:      minmay_evil_eye, layout_rooms, led_sif_book,
          gammafunk_temple_overflow_wave, ebering_ghost_rock_garden, uniq_erica

Skill      XL: |  1  2  3  4  5  6  7  8  9 |
---------------+----------------------------+-----
Stealth        | 1 2 3 4 5 |  5.4
Dodging        | 2 3 4 5 |  5.7
Ranged Weapons | 4 5 6 |  6.8
Fighting       | 3 4 5 6 |  6.6
Armour         | 1 |  1.4
Invocations    | 1 |  1.1

Action                     |  1- 3 |  4- 6 |  7- 9 || total
---------------------------+-------+-------+-------++-------
   Fire: Sling             |   114 |   260 |   626 ||  1000
 Invoke: Donate Gold       |       |     2 |       ||     2
    Use: Scroll            |       |       |    19 ||    19
 Armour: Leather armour    |     7 |    16 |    79 ||   102
         Acid dragon scale |       |       |    10 ||    10
  Dodge: Dodged            |     8 |    20 |    71 ||    99

Table legend: (Time is in decaauts)
 A = Elapsed time spent in this place.
 B = Non-inter-level travel time spent in this place.
 C = Inter-level travel time spent in this place.
 D = Time resting spent in this place.
 E = Time spent auto-exploring this place.
 F = Levels seen in this place.
 G = Mean time per level.
                   A        B        C        D        E       F      G
               +--------+--------+--------+--------+--------+-----+--------+
         Total |   5867 |   5614 |    253 |    194 |   4410 |   8 |  733.4 |
       Dungeon |   5867 |   5614 |    253 |    194 |   4410 |   8 |  733.4 |
               +--------+--------+--------+--------+--------+-----+--------+

Top non-repeatable levels by time:
     D:2: 1283 daAuts
     D:4: 1192 daAuts
     D:6: 900 daAuts
     D:1: 811 daAuts
     D:3: 589 daAuts
     D:5: 565 daAuts
     D:7: 437 daAuts
     D:8: 86 daAuts
